 Dungeon Crawl Stone Soup version 0.21-a0-536-gdbbf329 (webtiles) character file.

261 AverageBear the Cutter (level 5, 31/31 HPs)
             Began as a Deep Elf Fighter on Dec 14, 2017.
             Quit the game on level 3 of the Dungeon.
             The game lasted 00:01:56 (2397 turns).

AverageBear the Cutter (Deep Elf Fighter)           Turns: 2397, Time: 00:01:57

Health: 31/31      AC:  6    Str: 14    XL:     5   Next: 96%
Magic:  7/7        EV:  7    Int: 13    God:
Gold:   79         SH:  8    Dex: 14    Spells: 4/4 levels left

rFire    . . .     SeeInvis .   a - +0 rapier
rCold    . . .     Gourm    .   c - +0 shield
rNeg     . . .     Faith    .   b - +0 scale mail
rPois    .         Spirit   .   (no helmet)
rElec    .         Reflect  .   (no cloak)
rCorr    .         Harm     .   (no gloves)
MR       .....                  (no boots)
Stlth    ..........             (no amulet)
HPRegen  0.10/turn              (no ring)
MPRegen  0.10/turn              (no ring)

@: no status effects
A: no striking features
a: no special abilities


You were on level 3 of the Dungeon.
You were hungry.

You visited 1 branch of the dungeon, and saw 4 of its levels.

You collected 79 gold pieces.

Inventory:

Hand Weapons
 a - a +0 rapier (weapon)
Armour
 b - a +0 scale mail (worn)
 c - a +0 shield (worn)
Scrolls
 d - a scroll of identify
 e - a scroll of fear
 j - a scroll of remove curse
Books
 g - Kikubaaqudgha's Catalogue of Evil
   (You found it on level 3 of the Dungeon)

   Spells                             Type                      Level
   a - Pain                           Necromancy                   1
Comestibles
 f - 4 bread rations
 h - a royal jelly


   Skills:
 - Level 2.4 Fighting
 - Level 6.0 Short Blades
 - Level 2.4 Armour
 + Level 2.1 Dodging
 - Level 2.4 Shields


You had 4 spell levels left.
You didn't know any spells.

Dungeon Overview and Level Annotations

Branches:
Dungeon (4/15)
 Temple: D:4-7

Altars:
Kikubaaqudgha
Sif Muna
Vehumet


Message History

You climb downwards.
An orc and an orc wizard come into view.
The orc shouts!
An orc and an orc wizard come into view.
There is a stone staircase leading up here.
There are monsters nearby!
The orc wizard mumbles some strange words.
The orc wizard seems to speed up.
Found a stone staircase leading down.
The orc wizard hits you but does no damage.
You closely miss the orc wizard. The orc wizard closely misses you.
As you read the scroll labeled GAUPTOR CULINN, it crumbles to dust.
It is a scroll of identify.
e - a scroll of fear The orc wizard casts a spell at you.
The magic dart hits you!
As you read the scroll of identify, it crumbles to dust.
j - a scroll of remove curse The orc wizard looks encouraged for a moment.
Are you sure you want to abandon this character and quit the game? (Confirm with "yes".)

≈≈≈. ..P .
...#.# .....
####...# ..##
#......#
#....##......#
#....ooo<....+
..#.##@##...#
#o# #.#
#.....+.....#
##.>.. .###.#
#.... .# #....
.# #.... .#
#.... .# ###.#
##


You could see 2 orc wizards and 2 orcs.

Vanquished Creatures
  Sigmund (D:2)
  A hound (D:3)
  An adder (D:2)
  2 oozes (D:2)
  A worm (D:2)
  A leopard gecko (D:1)
  An orc (D:3)
  4 giant cockroaches
  5 hobgoblins (D:1)
  8 jackals
  4 kobolds
  5 bats
  4 frilled lizards
  6 goblins
  3 rats
47 creatures vanquished.

Notes
Turn   | Place    | Note
-------+----------+-------------------------------------------
     0 | D:1      | AverageBear the Deep Elf Fighter began the quest for the Orb.
     0 | D:1      | Reached XP level 1. HP: 13/13 MP: 3/3
   195 | D:1      | Reached XP level 2. HP: 18/18 MP: 4/4
   219 | D:1      | Reached skill level 3 in Short Blades
   728 | D:2      | Reached XP level 3. HP: 22/22 MP: 5/5
  1003 | D:2      | Reached skill level 4 in Short Blades
  1232 | D:2      | Noticed Sigmund
  1251 | D:2      | Killed Sigmund
  1251 | D:2      | Reached skill level 5 in Short Blades
  1251 | D:2      | Reached XP level 4. HP: 17/27 MP: 6/6
  1251 | D:2      | Reached XP level 5. HP: 19/31 MP: 7/7
  1269 | D:2      | Reached skill level 6 in Short Blades
  1762 | D:2      | You fall through a shaft for 2 floors!
  1762 | D:4      | Noticed a slave
  1775 | D:4      | Noticed an ogre
  1777 | D:4      | Reached skill level 1 in Dodging
  2084 | D:2      | You fall through a shaft!
  2117 | D:3      | Found a radiant altar of Vehumet.
  2117 | D:3      | Found an ancient bone altar of Kikubaaqudgha.
  2118 | D:3      | Found a deep blue altar of Sif Muna.
  2125 | D:3      | Identified Kikubaaqudgha's Catalogue of Evil
  2397 | D:3      | Quit the game

Vault maps used:
D:1:      dpeg_arrival_pits
D:2:      first_bread, uniq_sigmund
D:3:      grunt_temple_overflow_magic_moments, serial_bayou,
          serial_bayou_pond_a, serial_bayou_pond_a, serial_bayou_lagoon_a,
          serial_bayou_pond_c, serial_bayou_pond_e, minmay_misc_feat_tiny,
          minmay_misc_feat_more_columns, uniq_robin
D:4:      grunt_temple_overflow_open, uniq_menkaure, uniq_pikel

Skill      XL: |  1  2  3  4  5 |
---------------+----------------+-----
Short Blades   | 3 5 6 |  6.0
Dodging        | 2 |  2.1
Fighting       | |  2.4
Armour         | |  2.4
Shields        | |  2.4

Action                   |  1- 3 |  4- 6 || total
-------------------------+-------+-------++-------
Melee: Rapier            |   156 |    50 ||   206
  Use: Potion            |     3 |     1 ||     4
       Scroll            |       |     2 ||     2
  Eat: Chunk             |     1 |     3 ||     4
Armor: Scale mail        |    58 |    26 ||    84
Dodge: Dodged            |    39 |    14 ||    53
Block: Shield            |    66 |    27 ||    93

Table legend:
 A = Spawn XP
 B = Non-spawn XP
 C = Spawn XP percentage of total XP
 D = Spawn monster count
 E = Non-spawn monster count
 F = Spawn count percentage of total count
 G = Total turns spent on level
                    A         B        C        D         E        F      G
               +---------+---------+-------+---------+---------+-------+---------
         Total |       0 |     373 |   0.0 |       0 |      47 |   0.0 |  2397
               +---------+---------+-------+---------+---------+-------+---------
           D:1 |       0 |      38 |   0.0 |       0 |      22 |   0.0 |   713
           D:2 |       0 |     286 |   0.0 |       0 |      21 |   0.0 |  1557
           D:3 |       0 |      47 |   0.0 |       0 |       3 |   0.0 |   108
           D:4 |       0 |       2 |   0.0 |       0 |       1 |   0.0 |    19
               +---------+---------+-------+---------+---------+-------+---------
